 Dungeon Crawl Stone Soup version 0.27-a0-1196-g3e9cee4cb2 (webtiles) character file.

Game seed: 13031699600167163258

3217 bisexualwizard the Spear-Bearer (level 9, -12/68 HPs)
             Began as a Merfolk Gladiator on May 29, 2021.
             Was a Believer of Yredelemnul.
             Killed from afar by Erica (24 damage)
             ... with a bolt of poison
             ... on level 8 of the Dungeon.
             The game lasted 00:21:50 (9144 turns).

bisexualwizard the Spear-Bearer (Merfolk Gladiator) Turns: 9144, Time: 00:21:50

Health: -12/68     AC:  7    Str: 18    XL:     9   Next: 97%
Magic:  12/12      EV: 13    Int:  7    God:    Yredelemnul [**....]
Gold:   454        SH:  0    Dex: 15    Spells: 8/8 levels left

rFire    . . .     SeeInvis .   a - +3 trident (drain)
rCold    . . .     Faith    .   (no shield)
rNeg     + . .     Spirit   .   z - +0 steam dragon scales
rPois    .         Reflect  .   c - +0 helmet
rElec    .         Harm     .   v - scarf {repulsion}
rCorr    .         Rampage  .   (no gloves)
Will     .....                  (no boots)
Stlth    +.........             (no amulet)
HPRegen  0.21/turn              m - ring of positive energy
MPRegen  0.13/turn              (no ring)

@: lethally poisoned (-12 -> -29), weak-willed, repel missiles
A: (nimble swimmer 2), mertail
a: Renounce Religion, Animate Remains, Recall Undead Slaves, Injury Mirror


You were on level 8 of the Dungeon.
You worshipped Yredelemnul.
Yredelemnul was pleased with you.
You visited 2 branches of the dungeon, and saw 9 of its levels.

You collected 454 gold pieces.

Inventory:

Hand Weapons
 a - a +3 trident of draining (weapon)
 p - a +0 halberd
 w - a +0 lajatang
Missiles
 d - 3 throwing nets (quivered)
Armour
 b - a +0 leather armour
 c - a +0 helmet (worn)
 q - a +0 ring mail
 v - a scarf of repulsion (worn)
 z - +0 steam dragon scales (worn)
Jewellery
 m - a ring of positive energy (left hand)
 C - a ring of ice
Wands
 n - a wand of flame (7)
 y - a wand of paralysis (13)
Scrolls
 j - a scroll of brand weapon
 o - a scroll of noise
 r - a scroll of vulnerability
 s - a scroll of fog {unknown}
 t - a scroll of acquirement {unknown}
 A - a scroll of fear {unknown}
 B - a scroll of amnesia
Potions
 e - a potion of lignification {unknown}
 f - a potion of haste
 g - a potion of brilliance {unknown}
 h - 3 potions of flight
 i - a potion of invisibility
 l - a potion of degeneration {unknown}
 u - 2 potions of attraction {unknown}


   Skills:
 + Level 5.6 Fighting
 * Level 14.5 Polearms
 - Level 2.0 Throwing
 + Level 4.4 Armour
 - Level 4.0 Dodging
 - Level 0.1 Stealth
 * Level 4.4 Invocations


You had 8 spell levels left.
You didn't know any spells.
Your spell library contained the following spells:

 Spells                   Type           Power      Damage    Failure   Level
 Corona                   Hex            0%         N/A       43%         1
 Freeze                   Ice            0%         1d3       43%         1
 Magic Dart               Conj           0%         1d3       43%         1
 Ensorcelled Hibernation  Hex/Ice        0%         N/A       56%         2
 Searing Ray              Conj           0%         3d3       56%         2
 Confusing Touch          Hex            0%         N/A       80%         3
 Dazzling Flash           Conj/Hex       0%         N/A       80%         3
 Frozen Ramparts          Ice            0%         1d2       80%         3
 Gell's Gravitas          Tloc           0%         N/A       80%         3
 Ozocubu's Armour         Ice            0%         N/A       80%         3
 Tukima's Dance           Hex            0%         N/A       80%         3
 Fulminant Prism          Conj/Hex       0%         3d6       99%         4
 Hailstorm                Conj/Ice       0%         3d3       99%         4
 Iskenderun's Mystic Bla  Conj/Tloc      0%         2d3       99%         4
 Petrify                  Tmut/Erth      0%         N/A       99%         4
 Metabolic Englaciation   Hex/Ice        0%         N/A       100%        5
 Yara's Violent Unravell  Hex/Tmut       0%         3d3       100%        5


Dungeon Overview and Level Annotations

Branches:
Dungeon (8/15)             Temple (1/1) D:4
   Lair: D:8-11

Altars:
Ashenzari
Elyvilon
Hepliaklqana
Kikubaaqudgha
Nemelex Xobeh
Ru
Trog
Uskayaw
Vehumet
Wu Jian
Yredelemnul
Zin
The Shining One

Shops:
D:7 (

Annotations:
D:8 Erica


Innate Abilities, Weirdness & Mutations

((You are quick and stealthy near water. (Stealth+, EV+, Speed+++)))
Your lower body shifts to a powerful aquatic tail in water.


Message History

You are poisoned.
You feel very sick.
You feel very sick.
You feel sick.
You feel better.
Erica appears from thin air!
Reactivating autopickup.
Your gnoll zombie hits Erica with a +0 spear.
Erica gestures at you while chanting.
The lance of force hits your gnoll zombie!!
Your gnoll zombie is destroyed!
You feel much better.
Erica seems less drained.
You hit Erica.
Erica is almost dead.
Erica points at you and mumbles some strange words.
You are confused.
You bump into the rock wall.
Erica barely misses you.
You bump into the rock wall.
Erica hits you with a +2 scimitar of flaming!
Erica burns you!
You closely miss Erica.
Erica is almost dead.
You bump into the rock wall.
Erica hits you with a +2 scimitar of flaming!
* * * LOW HITPOINT WARNING * * *
Erica burns you.
* * * LOW HITPOINT WARNING * * *
You bump into the rock wall.
You feel less confused.
Erica screams, "I'll never tell where it is!"
Erica casts a spell at you. The bolt of poison hits you!
You are lethally poisoned!
* * * LOW HITPOINT WARNING * * *
You feel better. Erica casts a spell at you. The bolt of poison hits you!!
You are lethally poisoned!
You die...
Your body rises from the dead as a mindless zombie.

#.....# #.....# #...### #.Z.#
######### #..Z#
#######.....).#####...###########
..Z..Z........'..................
#######.......###########......##
.............(..@@.)Z...)......#
.######.......###########......#
.############## #...)..# .)...#
#..{...# ####.####### #.....Z#
#...(...[# #....).# #..[.....#
#.....:# #........# ######.##
#........# #).#


You could see Erica (strong, weak-willed, ally target) and a friendly orc zombie
(weak-willed).

Vanquished Creatures
  Grinder (D:5)
  Eustachio (D:4)
  A steam dragon (D:8)
  2 water moccasins (D:6)
  A centaur (D:5)
  4 phantoms
  A kobold brigand (D:7)
  A wyvern zombie (D:6)
  3 gnoll sergeants
  3 scorpions
  A wyvern skeleton (D:5)
  10 wights
  2 centaur zombies
  2 bullfrog zombies
  An orc priest (D:3)
  6 hounds
  3 jellies
  2 iguanas
  2 gnoll shamans
  An orc wizard (D:6)
  A killer bee zombie (D:7)
  2 hound skeletons (D:4)
  7 adders
  22 gnolls
  A shadow imp (D:6)
  5 white imps
  An adder skeleton (D:4)
  3 worms
  2 dart slugs
  19 orcs
  7 endoplasms
  2 giant cockroaches
  8 goblins
  5 hobgoblins
  13 jackals
  4 quokkas
  9 ball pythons
  4 bats
  7 frilled lizards
  8 kobolds
  A quokka skeleton (D:4)
  5 rats
184 creatures vanquished.

Vanquished Creatures (collateral kills)
  4 wights (D:7)
  An iguana (D:6)
  2 orcs
7 creatures vanquished.

Vanquished Creatures (others)
  4 gnoll zombies
  An orc zombie (D:8)
  A scorpion zombie (D:7)
  A steam dragon zombie (D:8)
  A plant (D:5)
8 creatures vanquished.

Grand Total: 199 creatures vanquished

Notes
Turn   | Place    | Note
-------+----------+-------------------------------------------
     0 | D:1      | bisexualwizard the Merfolk Gladiator began the quest for
                  | the Orb.
     0 | D:1      | Reached XP level 1. HP: 16/16 MP: 1/1
    29 | D:1      | You fall into a shaft and drop 1 floor!
   100 | D:2      | Reached skill level 5 in Polearms
   178 | D:2      | Reached XP level 2. HP: 22/22 MP: 2/2
   294 | D:2      | Reached skill level 6 in Polearms
   294 | D:2      | Reached XP level 3. HP: 21/27 MP: 3/3
  1011 | D:1      | Reached XP level 4. HP: 31/33 MP: 4/4
  1039 | D:1      | Reached skill level 7 in Polearms
  1738 | D:3      | Reached XP level 5. HP: 33/38 MP: 5/5
  2021 | D:3      | Reached skill level 8 in Polearms
  2026 | D:3      | Reached skill level 1 in Armour
  2750 | D:4      | Reached XP level 6. HP: 43/46 MP: 6/6
  2937 | D:4      | Reached skill level 9 in Polearms
  3023 | D:4      | Found a staircase to the Ecumenical Temple.
  3033 | Temple   | Entered the Ecumenical Temple
  3136 | Temple   | Became a worshipper of Yredelemnul the Dark
  3651 | D:3      | Reached skill level 10 in Polearms
  3651 | D:3      | Reached XP level 7. HP: 42/51 MP: 7/7
  3972 | D:4      | Noticed Eustachio
  4001 | D:4      | Killed Eustachio
  4545 | D:5      | Entered Level 5 of the Dungeon
  4779 | D:5      | Reached skill level 11 in Polearms
  4779 | D:5      | Reached skill level 1 in Invocations
  4900 | D:5      | Reached XP level 8. HP: 45/58 MP: 8/8
  5050 | D:5      | Reached * piety under Yredelemnul
  5139 | D:5      | Noticed Grinder
  5155 | D:5      | Killed Grinder
  5316 | D:5      | Reached skill level 12 in Polearms
  6352 | D:6      | Reached XP level 9. HP: 58/66 MP: 11/11
  6549 | D:6      | Reached skill level 13 in Polearms
  6846 | D:6      | Found a bloodstained altar of Trog.
  7041 | D:6      | Found a sacrificial altar of Ru.
  7209 | D:7      | Found Jaerphiv's Weapon Shoppe.
  7251 | D:7      | Reached ** piety under Yredelemnul
  7600 | D:7      | Reached skill level 5 in Fighting
  7853 | D:7      | Reached skill level 14 in Polearms
  7922 | D:7      | Identified the +0 robe of Urghats {Str+4}
  8248 | D:7      | Found a hazy altar of Hepliaklqana.
  9097 | D:8      | Noticed Erica
  9143 | D:8      | HP: 2/68 [Erica/bolt of poison (9)]
  9144 | D:8      | Killed from afar by Erica

Illustrated notes

Levels and vault maps discovered:
D:1:      dpeg_arrival_line_fractal, layout_rooms, minmay_tromino_v4_a
D:2:      layout_basic, minmay_vboxes
D:3:      layout_rooms, minmay_door_square, grunt_decor_junction,
          corexii_corridor_pit
D:4:      minmay_chambers_of_twos, layout_cave_pods,
          minmay_temple_entry_large_hall, minmay_misc_feat_ornament,
          uniq_eustachio
D:5:      layout_basic, serial_bayou_lagoon_a, uniq_grinder
D:6:      cheibrodos_quashed, layout_rooms, hangedman_feature_mirror
D:7:      layout_basic, general_overflow_altar, serial_shops, shop_fountains,
          grunt_decor_clamped, minmay_misc_feat_doors
D:8:      layout_basic, sigmund_army, uniq_erica
Temple:   nicolae_temple_the_god_donut

Skill      XL: |  1  2  3  4  5  6  7  8  9 |
---------------+----------------------------+-----
Polearms       | 5 6 7 8 10 11 12 14 | 14.5
Armour         | 1 2 3 4 |  4.4
Fighting       | 3 4 5 |  5.6
Invocations    | 1 3 4 |  4.4
Throwing       | |  2.0
Dodging        | |  4.0
Stealth        | |  0.1

Action                   |  1- 3 |  4- 6 |  7- 9 || total
-------------------------+-------+-------+-------++-------
Melee: Trident           |    81 |   209 |   413 ||   703
       Tailslap          |       |       |     4 ||     4
Invok: Animate Remains   |       |       |    16 ||    16
  Use: Scroll            |       |     3 |     6 ||     9
       Potion            |       |     3 |     8 ||    11
 Stab: Sleeping          |       |     4 |       ||     4
       Distracted        |       |     1 |       ||     1
Armor: Leather armour    |    17 |    13 |       ||    30
       Ring mail         |       |    33 |    47 ||    80
       Steam dragon scal |       |       |     1 ||     1
Dodge: Dodged            |    29 |   101 |   138 ||   268
       Repelled          |       |       |     1 ||     1

Table legend: (Time is in decaauts)
 A = Elapsed time spent in this place.
 B = Non-inter-level travel time spent in this place.
 C = Inter-level travel time spent in this place.
 D = Time resting spent in this place.
 E = Time spent auto-exploring this place.
 F = Levels seen in this place.
 G = Mean time per level.
                   A        B        C        D        E       F      G
               +--------+--------+--------+--------+--------+-----+--------+
         Total |   9210 |   8955 |    255 |   2296 |   5308 |   9 | 1023.3 |
       Dungeon |   9021 |   8780 |    241 |   2160 |   5294 |   8 | 1127.6 |
        Temple |    189 |    175 |     14 |    136 |     14 |   1 |  189.0 |
               +--------+--------+--------+--------+--------+-----+--------+

Top non-repeatable levels by time:
     D:7: 1703 daAuts
     D:5: 1487 daAuts
     D:3: 1450 daAuts
     D:2: 1225 daAuts
     D:4: 1141 daAuts
     D:6: 1093 daAuts
     D:1: 498 daAuts
     D:8: 420 daAuts
  Temple: 189 daAuts
